 Dungeon Crawl Stone Soup version 0.31.0-11-ge490571c62 (webtiles) character file.

Game seed: 311239937590129908

371 qw the Skirmisher (level 6, -1/35 HPs)
             Began as a Deep Elf Hunter on Feb 4, 2024.
             Slain by an ogre
             ... wielding a +0 giant spiked club
              (24 damage)
             ... on level 4 of the Dungeon.
             The game lasted 00:00:09 (1834 turns).

qw the Skirmisher (Deep Elf Hunter)                 Turns: 1834, Time: 00:00:10

Health: -1/35      AC:  8    Str: 10    XL:     6   Next: 42%
Magic:  8/8        EV: 11    Int: 14    God:
Gold:   179        SH:  5    Dex: 18    Spells: 5/5 levels left

rFire   . . .        a - +1 shortbow
rCold   . . .        (shield currently unavailable)
rNeg    . . .        h - +1 ring mail
rPois   .            (no helmet)
rElec   .            f - +0 cloak
rCorr   .            (no gloves)
SInv    .            l - +0 pair of boots
Will    .....        d - amulet of reflection
Stlth   +            (no ring)
HPRegen 0.25/turn    (no ring)
MPRegen 0.11/turn

%: reflection
@: no status effects
A: no striking features
a: no special abilities


You were on level 4 of the Dungeon.
You visited 1 branch of the dungeon, and saw 4 of its levels.

You collected 179 gold pieces.


   Skills:
 - Level 2.0 Fighting
 + Level 9.7 Ranged Weapons
 - Level 1.3 Armour
 - Level 2.4 Dodging
 - Level 1.2 Stealth


You had 5 spell levels left.
You didn't know any spells.
Your spell library was empty.

Inventory:

Hand Weapons
 a - a +1 shortbow (weapon)
Armour
 f - a +0 cloak (worn)
 h - a +1 ring mail (worn)
 l - a +0 pair of boots (worn)
Jewellery
 b - a ring of fire
 d - an amulet of reflection (around neck)
 i - a ring of protection from fire
 k - a ring of ice
Wands
 c - a wand of roots (13)
 e - a wand of flame (8)
Potions
 g - a potion of curing
 j - a potion of haste {unknown}
 m - a potion of might {unknown}

Dungeon Overview and Level Annotations

Branches:
Dungeon (4/15)
 Temple: D:4-7

Altars:
Cheibriados

Shops:
D:4 (


Message History

You kill the hound!
The adder bites you.
You are poisoned.
The adder poisons you! The adder closely misses you.
Your Armour skill increases to level 1!
You shoot an arrow. The arrow hits the adder!
You kill the adder!
You feel sick.
You start resting.
You feel sick. x6
You are no longer poisoned.
HP restored.
You see here a hound corpse.
m - a fizzy clear potion A kobold comes into view.
It is wielding a +0 short sword.
The kobold shouts!
The kobold throws a stone.
The stone barely misses you.
You shoot an arrow. The arrow hits the kobold.
The kobold is heavily wounded.
The kobold throws a stone.
The stone closely misses you.
You shoot an arrow. The arrow hits the kobold.
You kill the kobold!
An ogre comes into view. It is wielding a +0 giant spiked club.
You shoot an arrow. The arrow hits the ogre.
The ogre is lightly wounded.
You block the ogre's attack.
You shoot an arrow. The arrow hits the ogre.
The ogre is lightly wounded.
The ogre hits you with a +0 giant spiked club!
You shoot an arrow. The arrow hits the ogre!
The ogre is moderately wounded.
The ogre hits you with a +0 giant spiked club.
You shoot an arrow.
The arrow hits the ogre but does no damage.
The ogre is moderately wounded.
You shoot an arrow. The arrow hits the ogre.
The ogre is heavily wounded.
The ogre hits you with a +0 giant spiked club!!
Ouch! That really hurt!
You die...

#....# ##....###
#.......#
#....>..####
#...........
###...#.###.
#.......#
##..#.#.#)#
.........#.@...#
....###.####O###
.. #.. !# ... .#
#.### .. #. ..
.. ... ...


You could see an ogre.

Vanquished Creatures
  A sky beast (D:4)
  2 orc priests
  A hound (D:4)
  An iguana (D:4)
  3 orc wizards
  2 adders
  2 dart slugs
  2 ribbon worms
  8 orcs
  6 ball pythons
  6 endoplasms
  A giant cockroach (D:3)
  A goblin (D:3)
  3 hobgoblins
  9 kobolds
  4 quokkas
  4 bats
  5 rats
61 creatures vanquished.

Notes
Turn   | Place    | Note
-------+----------+-------------------------------------------
     0 | D:1      | qw the Deep Elf Hunter began the quest for the Orb.
     0 | D:1      | Reached XP level 1. HP: 12/12 MP: 3/3
     0 | D:1      | 0 ||| qw: Version: 0.3-a-160-g6735b56
     0 | D:1      | 0 ||| qw: Game counter: 4959
     0 | D:1      | 0 ||| qw: Melee chars always use a shield: true
     0 | D:1      | 0 ||| qw: God list: Okawaru
     0 | D:1      | 0 ||| qw: Allow faded altars: false
     0 | D:1      | 0 ||| qw: Do Orc after clearing Dungeon:15 true
     0 | D:1      | 0 ||| qw: Do second Lair branch before Depths: true
     0 | D:1      | 0 ||| qw: Lair rune preference: random
     0 | D:1      | 0 ||| qw: Goals: Normal
     0 | D:1      | 0 ||| PLANNING D:1-11
    99 | D:1      | Reached skill level 6 in Ranged Weapons
    99 | D:1      | Reached XP level 2. HP: 16/16 MP: 4/4
   237 | D:1      | Found a faded altar of an unknown god.
   446 | D:1      | 446 ||| UPGRADING to +0 ring mail.
   456 | D:1      | 456 ||| DROPPING +0 leather armour.
   457 | D:1      | 457 ||| READING 3 scrolls labelled APASISUYWI.
   457 | D:1      | 457 ||| IDENTIFYING sedimented black potion
   458 | D:1      | 458 ||| READING 2 scrolls of identify.
   458 | D:1      | 458 ||| IDENTIFYING green potion
   459 | D:1      | 459 ||| READING scroll of identify.
   459 | D:1      | 459 ||| IDENTIFYING scroll labelled GOFREU ZIADA
   460 | D:1      | 460 ||| READING scroll of enchant armour.
   460 | D:1      | 460 ||| ENCHANTING +0 ring mail.
   461 | D:1      | 461 ||| READING scroll labelled FAETAHEUZA.
   462 | D:1      | 462 ||| DROPPING scroll of butterflies.
   463 | D:1      | 463 ||| DROPPING potion of invisibility.
   464 | D:1      | 464 ||| DROPPING potion of lignification.
   506 | D:2      | Reached XP level 3. HP: 16/20 MP: 5/5
   859 | D:2      | 859 ||| UPGRADING to +0 cloak.
   864 | D:2      | 864 ||| UPGRADING to amulet of reflection.
   869 | D:2      | 869 ||| READING 2 scrolls of identify.
   869 | D:2      | 869 ||| IDENTIFYING viscous purple potion
   870 | D:2      | 870 ||| READING scroll of identify.
   870 | D:2      | 870 ||| IDENTIFYING metallic inky potion
   871 | D:2      | 871 ||| READING scroll labelled SUIBIMU GALUESS.
   872 | D:2      | 872 ||| READING scroll labelled PIOLIA TUCHYSM.
   873 | D:2      | 873 ||| DRINKING 2 lumpy emerald potions.
   874 | D:2      | 874 ||| DROPPING potion of attraction.
   875 | D:2      | 875 ||| DROPPING potion of degeneration.
   877 | D:2      | 877 ||| Stepping ~*~*~tactically~*~*~ (cloud).
   878 | D:2      | 878 ||| DRINKING potion of curing.
   878 | D:2      | 878 ||| (to cure poison)
   922 | D:3      | 922 ||| STAIRDANCE
   926 | D:3      | 926 ||| STAIRDANCE
   987 | D:3      | 987 ||| STAIRDANCE
   989 | D:3      | 989 ||| STAIRDANCE
   997 | D:2      | Reached skill level 7 in Ranged Weapons
   997 | D:2      | HP: 5/20 [hobgoblin (4)]
  1000 | D:2      | HP: 2/20 [hobgoblin (1)]
  1083 | D:3      | 1083 ||| STAIRDANCE
  1104 | D:3      | 1104 ||| STAIRDANCE
  1106 | D:3      | 1106 ||| STAIRDANCE
  1121 | D:2      | Reached XP level 4. HP: 22/25 MP: 6/6
  1137 | D:3      | Reached skill level 8 in Ranged Weapons
  1172 | D:3      | Found a snail-covered altar of Cheibriados.
  1508 | D:3      | 1508 ||| UPGRADING to +0 pair of boots.
  1513 | D:3      | 1513 ||| READING scroll labelled GOHOMAUTENT.
  1514 | D:3      | 1514 ||| READING scroll labelled MUNKUK UBRO.
  1514 | D:3      | 1514 ||| ENCHANTING +0 shortbow.
  1567 | D:4      | Found Uraytorr's Antique Weapon Emporium.
  1573 | D:4      | Reached XP level 5. HP: 28/29 MP: 7/7
  1583 | D:4      | 1583 ||| SHOPLISTING triple crossbow (270 gold, have 167).
  1592 | D:4      | Noticed a sky beast
  1597 | D:4      | Killed a sky beast
  1598 | D:4      | Reached skill level 9 in Ranged Weapons
  1598 | D:4      | Reached XP level 6. HP: 34/34 MP: 8/8
  1765 | D:4      | Reached skill level 1 in Armour
  1834 | D:4      | Slain by an ogre

Levels and vault maps discovered:
D:1:      erik_arrival_triangle_large, layout_rooms,
          ebering_ecumenical_altar_sacrificial
D:2:      layout_rooms, chequers_decorated_corner, fountainhead
D:3:      layout_rooms, nicolae_overflow_crystal_walls, minmay_misc_feat_pillars
D:4:      layout_loops_ring, serial_shops, nicolae_shop_hallway_plus,
          kennysheep_small_square

Skill      XL: |  1  2  3  4  5  6 |
---------------+-------------------+-----
Ranged Weapons | 6 7 8 9 |  9.7
Fighting       | 2 |  2.0
Armour         | 1 |  1.3
Dodging        | |  2.4
Stealth        | |  1.2

Action                     |  1- 3 |  4- 6 || total
---------------------------+-------+-------++-------
   Fire: Shortbow          |    99 |    79 ||   178
    Use: Scroll            |     9 |     2 ||    11
         Potion            |     2 |       ||     2
 Armour: Leather armour    |     4 |       ||     4
         Ring mail         |    49 |    13 ||    62
  Dodge: Dodged            |    44 |     9 ||    53
  Block: Other             |     9 |     4 ||    13

Table legend:
 A = Non-vault XP
 B = Vault XP
 C = Vault XP percentage of total XP
 D = Non-vault monster count
 E = Vault monster count
 F = Vault count percentage of total count
                 A         B        C        D         E       F
            +---------+---------+-------+---------+---------+-------
      Total |     461 |      70 |  13.2 |      59 |       2 |   3.3
            +---------+---------+-------+---------+---------+-------
        D:1 |      27 |       0 |   0.0 |      17 |       0 |   0.0
        D:2 |      85 |       0 |   0.0 |      18 |       0 |   0.0
        D:3 |      65 |       0 |   0.0 |      11 |       0 |   0.0
        D:4 |     284 |      70 |  19.8 |      13 |       2 |  13.3
            +---------+---------+-------+---------+---------+-------
